 Dungeon Crawl Stone Soup version 0.30.0-29-ga12c61a403 (webtiles) character file.

Game seed: 7264337202568137249

1170 safid the Chiller (level 8, -1/54 (64) HPs)
             Began as a Merfolk Ice Elementalist on June 9, 2023.
             Slain by a wight
             ... wielding a +4 long sword
              (6 damage)
             ... on level 8 of the Dungeon.
             The game lasted 00:09:08 (6001 turns).

safid the Chiller (Merfolk Ice Elementalist)        Turns: 6001, Time: 00:09:09

HP:   -1/54 (64)    AC: 10    Str:  8    XL:     8   Next: 40%
MP:   23/25         EV: 12    Int: 16    God:
Gold: 393           SH:  0    Dex: 15    Spells: 10/17 levels left

rFire   . . .        q - +2 short sword (freeze)
rCold   . . .        (no shield)
rNeg    . . .        a - +0 robe
rPois   .            (no helmet)
rElec   .            (no cloak)
rCorr   .            m - +0 pair of gloves
SInv    .            (no boots)
Will    .....        (no amulet)
Stlth   ++           o - ring of magical power
HPRegen 0.29/turn    (no ring)
MPRegen 0.19/turn

%: no passive effects
@: ice-armoured, heavily drained
A: (nimble swimmer 2), mertail
a: no special abilities


You were on level 8 of the Dungeon.
You visited 1 branch of the dungeon, and saw 7 of its levels.
You also visited: Sewer.

You collected 393 gold pieces.

Inventory:

Hand Weapons
 q - a +2 short sword of freezing (weapon)
Armour
 a - a +0 robe (worn)
 m - a +0 pair of gloves (worn)
Jewellery
 d - a ring of fire
 o - a ring of magical power (left hand)
Wands
 l - a wand of flame (5)
Scrolls
 c - a scroll of amnesia
 e - 4 scrolls of teleportation
 g - a scroll of fog {unknown}
 h - a scroll of enchant armour {unknown}
 j - a scroll of magic mapping {unknown}
 v - a scroll of fear {unknown}
 y - a scroll of blinking {unknown}
Potions
 b - a potion of magic
 f - 6 potions of brilliance {unknown}
 i - 2 potions of haste
 k - 2 potions of lignification {unknown}
 n - a potion of degeneration {unknown}
 p - a potion of invisibility {unknown}
 s - a potion of cancellation {unknown}
 t - a potion of heal wounds {unknown}
 w - 2 potions of curing {unknown}
 x - a potion of flight {unknown}
 A - a potion of resistance {unknown}


   Skills:
 + Level 5.9 Fighting
 - Level 2.6 Dodging
 - Level 2.1 Stealth
 + Level 5.4 Spellcasting
 + Level 7.6 Ice Magic


You had 10 spell levels left.
You knew the following spells:

 Your Spells              Type           Power      Damage    Failure   Level
a - Freeze                Ice            100%       1d10      1%          1
b - Frozen Ramparts       Ice            56%        1d9       1%          3
c - Ozocubu's Armour      Ice            28%        N/A       1%          3

Your spell library contained the following spells:

 Spells                   Type           Power      Damage    Failure   Level
 Ensorcelled Hibernation  Hex/Ice        32%        N/A       4%          2
 Summon Small Mammal      Summ           16%        N/A       14%         1
 Passwall                 Tmut/Erth      3%         N/A       22%         2
 Summon Ice Beast         Ice/Summ       16%        N/A       30%         4
 Call Canine Familiar     Summ           4%         N/A       41%         3
 Summon Guardian Golem    Hex/Summ       4%         N/A       41%         3
 Swiftness                Air            4%         N/A       41%         3
 Alistair's Intoxication  Tmut/Pois      2%         N/A       99%         5
 Borgnjor's Vile Clutch   Necr/Erth      2%         N/A       99%         5
 Summon Mana Viper        Hex/Summ       4%         N/A       99%         5
 Eringya's Noxious Bog    Tmut/Pois      2%         N/A       100%        6
 Monstrous Menagerie      Summ           2%         N/A       100%        7


Dungeon Overview and Level Annotations

Branches:
Dungeon (6/15)              Sewer (visited)
 Temple: D:4-7

Altars:
Hepliaklqana
Ru


Innate Abilities, Weirdness & Mutations

((You are very nimble when in or above water. (Stealth+, EV+, Speed+++)))
Your lower body shifts to a powerful aquatic tail in water.


Message History

The wight is heavily damaged.
The wight closely misses you.
You closely miss the wight.
The wight is heavily damaged.
The wight hits you but does no damage.
You completely miss the wight.
The wight is heavily damaged.
The wight hits you but does no damage.
You hit the wight but do no damage.
The wight is heavily damaged.
The wight barely misses you.
You hit the wight.
The wight is heavily damaged.
The wight closely misses you.
You hit the wight.
The wight is severely damaged.
The wight hits you with a +4 long sword!
You barely miss the wight.
The wight is severely damaged.
The wight barely misses you.
You hit the wight.
The wight is severely damaged.
The wight hits you with a +4 long sword!
* * * LOW HITPOINT WARNING * * *
You feel drained.
* * * LOW HITPOINT WARNING * * *
You barely miss the wight.
The wight is severely damaged.
The wight closely misses you.
You hit the wight.
The wight is almost destroyed.
The wight barely misses you.
You hit the wight.
The wight is almost destroyed.
The wight hits you with a +4 long sword!
* * * LOW HITPOINT WARNING * * *
You completely miss the wight.
The wight is almost destroyed.
The wight hits you with a +4 long sword.
You die...

####.####### ..# #.#
#.# #.# #.# #.# #.#
####.# ##########z#
.....# #..........#
#.##.######.########.#
#.##..........######.#
#...........#...@z...#
######################


You could see a wight.

Vanquished Creatures
  Grinder (D:3)
  Pargi (Sewer)
  A black bear (D:5)
  A phantom (D:4)
  A bullfrog (D:4)
  A scorpion (D:5)
  2 wights (D:8)
  A howler monkey (D:4)
  An orc priest (D:5)
  2 hounds
  3 iguanas (D:4)
  2 orc wizards (D:5)
  A sleepcap (D:5)
  9 adders
  A shadow imp (D:4)
  An ufetubus (D:4)
  4 worms
  A dart slug (D:2)
  8 orcs
  6 ball pythons
  8 endoplasms
  4 giant cockroaches
  9 goblins
  6 hobgoblins
  7 jackals (D:1)
  13 kobolds
  6 quokkas
  3 bats
  2 frilled lizards
  10 rats
116 creatures vanquished.

Notes
Turn   | Place    | Note
-------+----------+-------------------------------------------
     0 | D:1      | safid the Merfolk Ice Elementalist began the quest for the
                  | Orb.
     0 | D:1      | Reached XP level 1. HP: 13/13 MP: 3/3
   204 | D:1      | Reached XP level 2. HP: 13/20 MP: 0/5
   309 | D:1      | Reached skill level 1 in Fighting
   835 | D:1      | Reached XP level 3. HP: 26/26 MP: 1/6
  1221 | D:1      | Found a faded altar of an unknown god.
  1665 | D:2      | Reached skill level 5 in Ice Magic
  1665 | D:2      | Reached XP level 4. HP: 26/33 MP: 4/8
  1714 | D:2      | Learned a level 3 spell: Frozen Ramparts
  1718 | D:2      | Learned a level 3 spell: Ozocubu's Armour
  2428 | D:3      | Found a glowing drain.
  2440 | Sewer    | Entered a sewer
  2608 | Sewer    | Reached XP level 5. HP: 35/39 MP: 9/9
  2656 | Sewer    | Noticed Pargi
  2706 | Sewer    | Killed Pargi
  2911 | D:3      | Reached XP level 6. HP: 47/47 MP: 11/11
  3026 | D:3      | Noticed Grinder
  3043 | D:3      | Paralysed by Grinder for 5 turns
  3060 | D:3      | Killed Grinder
  3061 | D:3      | Reached skill level 6 in Ice Magic
  3254 | D:3      | Reached XP level 7. HP: 53/54 MP: 13/13
  3858 | D:4      | Found a sacrificial altar of Ru.
  4374 | D:4      | Reached skill level 5 in Fighting
  4439 | D:4      | Found a hazy altar of Hepliaklqana.
  4663 | D:5      | Entered Level 5 of the Dungeon
  4803 | D:5      | Reached skill level 7 in Ice Magic
  4812 | D:5      | Reached skill level 5 in Spellcasting
  4812 | D:5      | Reached XP level 8. HP: 29/62 MP: 15/15
  5703 | D:6      | You fall into a shaft and drop 2 floors!
  6001 | D:8      | Slain by a wight

Illustrated notes

Levels and vault maps discovered:
D:1:      dpeg_arrival_long_road, layout_basic,
          hellmonk_ecumenical_altar_inner_sanctum, st_stairs_3
D:2:      layout_basic, chequers_serial_rivers_small_b
D:3:      layout_loops_ring, portal_sewer_entry_d, kennysheep_pointless_box,
          hangedman_decor_opposing, uniq_grinder
D:4:      minmay_evil_eye, layout_cave_pools,
          mainiacjoe_overflow_small_starburst, lemuel_coloured_pillars_altar,
          corexii_item_surrounded_by_moat
D:5:      layout_basic
D:6:      layout_cave_pools, nicolae_uskayaw_dance_studio, serial_undead,
          serial_undead_b, serial_undead_a, serial_undead_b, serial_undead_c,
          serial_undead_a, serial_undead_b, minmay_holes
D:8:      layout_loops_ring, gammafunk_temple_overflow_wave, serial_shops,
          nicolae_stop_n_shop_2, nicolae_grassy_gnolls

Skill      XL: |  1  2  3  4  5  6  7 |
---------------+----------------------+-----
Fighting       | 1 2 3 4 5 |  5.9
Ice Magic      | 5 6 7 |  7.6
Spellcasting   | 3 4 5 |  5.4
Dodging        | |  2.6
Stealth        | |  2.1

Action                     |  1- 3 |  4- 6 |  7- 9 || total
---------------------------+-------+-------+-------++-------
  Melee: Unarmed           |    10 |       |       ||    10
         Dagger            |    46 |    16 |       ||    62
         Punch             |     2 |       |     1 ||     3
         Short sword       |       |    63 |   136 ||   199
         Tailslap          |       |     2 |       ||     2
   Cast: Freeze            |    57 |    32 |    35 ||   124
         Ozocubu's Armour  |       |     2 |     6 ||     8
         Frozen Ramparts   |       |     1 |    11 ||    12
    Use: Potion            |       |     2 |     3 ||     5
         Scroll            |       |       |     5 ||     5
   Stab: Sleeping          |     4 |     1 |     2 ||     7
         Distracted        |       |     1 |     1 ||     2
 Armour: Robe              |    14 |    29 |    36 ||    79
  Dodge: Dodged            |    50 |    88 |   105 ||   243
